 Dungeon Crawl Stone Soup version 0.29.1-1-gd02db6906a (webtiles) character file.

Game seed: 5115336305157767463

281 hawla the Changer (level 6, 0/25 HPs)
             Began as a Felid Transmuter on Oct 9, 2022.
             Slain by an iguana (6 damage)
             ... on level 5 of the Dungeon.
             The game lasted 00:10:49 (4896 turns).

hawla the Changer (Felid Transmuter)                Turns: 4896, Time: 00:10:50

Health: 0/25       AC:  2    Str:  6    XL:     6   Next: 6%
Magic:  6/10       EV: 21    Int: 16    God:
Gold:   206        SH:  0    Dex: 22    Spells: 0/10 levels left
                                        Lives:  0   Deaths: 1

rFire   . . .      SeeInvis +     - Unarmed
rCold   . . .      Faith    .   (shield unavailable)
rNeg    . . .      Spirit   .   (body armour unavailable)
rPois   x          Reflect  .   (helmet unavailable)
rElec   .          Harm     .   (cloak unavailable)
rCorr   +          Rampage  .   (gloves unavailable)
Will    .....                   (boots unavailable)
Stlth   ++........              (no amulet)
HPRegen 0.08/turn               m - ring of resist corrosion
MPRegen 0.12/turn               (no ring)

@: spider-form (expiring), wereblooded
A: venomous fangs, tiny, (claws 1), (fangs 3), see invisible, (speed 1), (shaggy
fur 2), (stealthy paws), no weapons or thrown items, no armour, multi-lived
a: End Transformation


You were on level 5 of the Dungeon.
You were a venomous arachnid creature.
You visited 1 branch of the dungeon, and saw 5 of its levels.

You collected 206 gold pieces.

Inventory:

Jewellery
 m - a ring of resist corrosion (left front leg)
 r - a ring of poison resistance
Wands
 j - a wand of polymorph (6)
Scrolls
 a - 4 scrolls of enchant weapon {unknown}
 b - a scroll of enchant armour {unknown}
 c - a scroll of silence {unknown}
 d - 8 scrolls of identify {unknown}
 e - 2 scrolls of acquirement {unknown}
 f - a scroll of vulnerability {unknown}
 n - a scroll of immolation {unknown}
 p - a scroll of noise {unknown}
 q - a scroll of torment {unknown}
 s - 2 scrolls of poison {unknown}
Potions
 g - a potion of cancellation
 h - a potion of experience {unknown}
 i - a potion of ambrosia {unknown}
 k - 3 potions of mutation {unknown}
 l - a potion of resistance {unknown}
 o - 2 potions of curing {unknown}


   Skills:
 - Level 1.0 Fighting
 - Level 3.3 Dodging
 - Level 0.6 Stealth
 - Level 3.9 Unarmed Combat
 - Level 2.5 Spellcasting
 + Level 5.8 Transmutations
 * Level 0.6 Ice Magic
 - Level 3.1 Poison Magic


You couldn't memorise any spells.
You knew the following spells:

 Your Spells              Type           Power      Damage    Failure   Level
a - Beastly Appendage     Tmut           40%        N/A       8%          1
b - Wereblood             Tmut           20%        N/A       10%         2
c - Spider Form           Tmut/Pois      16%        N/A       24%         3
d - Ice Form              Ice/Tmut       12%        N/A       67%         4

Your spell library contained the following spells:

 Spells                   Type           Power      Damage    Failure   Level
 Sublimation of Blood     Necr           2%         N/A       52%         2
 Blade Hands              Tmut           10%        N/A       67%         5
 Confusing Touch          Hex            2%         N/A       73%         3
 Tukima's Dance           Hex            2%         N/A       73%         3
 Petrify                  Tmut/Erth      11%        N/A       73%         4
 Irradiate                Conj/Tmut      5%         3d13      95%         5
 Yara's Violent Unravell  Hex/Tmut       5%         3d4       95%         5
 Enfeeble                 Hex            1%         N/A       100%        7
 Portal Projectile        Hex/Tloc       Unusable   N/A       N/A         3

Dungeon Overview and Level Annotations

Branches:
Dungeon (5/15)
 Temple: D:4-7

Altars:
Elyvilon
Makhleb
Qazlal
Ru

Annotations:
D:5 Prince Ribbit


Innate Abilities, Weirdness & Mutations

You are a venomous arachnid creature.
You have poisonous fangs.
You are tiny and dextrous.
Your spellcasting is less reliable in this form.
((You have sharp claws.))
((You have razor-sharp teeth.))
You have supernaturally acute eyesight. (SInv)
((You cover ground quickly. (Speed+)))
((You are covered in thick fur. (AC +2)))
((Your paws help you pounce on unaware monsters.))
You are incapable of wielding weapons or throwing items.
You cannot wear armour.
You gain extra lives every three experience levels.


Message History

You hit the hound.
The hound looks as sick as possible!
The hound is heavily wounded.
The hound barely misses you.
An iguana comes into view.
You hit the black bear but do no damage.
The black bear is poisoned.
The hound bites you. The black bear bites you.
The black bear closely misses you. The black bear barely misses you.
The hound misses you. The hound completely misses you.
You hit the hound.
The hound is almost dead.
The hound completely misses you. The black bear completely misses you.
The black bear misses you. The black bear completely misses you.
The hound barely misses you.
You hit the hound but do no damage.
The hound looks as sick as possible!
The hound is almost dead.
The hound bites you. The black bear closely misses you.
The black bear claws you. The black bear closely misses you.
You closely miss the hound.
The hound is almost dead.
You feel a bit better.
You kill the hound!
The black bear misses you.
The black bear claws you but does no damage.
The black bear barely misses you. The iguana barely misses you.
Welcome back to level 6!
You hit the iguana but do no damage.
The iguana is poisoned.
Your transformation is almost over.
The black bear bites you. The black bear completely misses you.
The black bear claws you. The iguana bites you.
* * * LOW HITPOINT WARNING * * *
You hit the black bear.
The black bear looks as sick as possible!
The black bear is moderately wounded.
The black bear barely misses you. The black bear misses you. x2
The iguana misses you.
You hit the iguana.
The iguana is moderately wounded.
The iguana bites you.
You die...

.... # #.#.## ###
.##.#....###.#####
....#....##....#.### #
.........##...#..#.## #
.$...........##.....# ##
#...............#...####.
#...............##.......
......†ls.....#..........
.....>..h†....#..##......
.!..##............#...#..
... #.......##..###.##.#
. #.##.###...... ####.#
....... ....##.. ..#
......#. ....# .. .##
......! ## ..# . ... ..
##


You could see a black bear (extremely poisoned) and an iguana (very poisoned).

Vanquished Creatures
  An ice beast (D:4)
  A scorpion (D:4)
  4 hounds
  An iguana (D:4)
  4 gnolls
  2 adders
  2 worms (D:2)
  8 dart slugs
  12 orcs
  11 endoplasms
  3 giant cockroaches (D:1)
  13 goblins
  6 hobgoblins
  5 jackals
  8 kobolds
  3 quokkas
  9 ball pythons
  5 bats
  3 frilled lizards (D:1)
  A rat (D:3)
102 creatures vanquished.

Notes
Turn   | Place    | Note
-------+----------+-------------------------------------------
     0 | D:1      | hawla the Felid Transmuter began the quest for the Orb.
     0 | D:1      | Reached XP level 1. HP: 9/9 MP: 4/4
   246 | D:1      | Reached XP level 2. HP: 8/12 MP: 6/6
   250 | D:1      | Learned a level 2 spell: Wereblood
   384 | D:1      | Found a faded altar of an unknown god.
   508 | D:1      | Reached XP level 3. HP: 15/15 MP: 7/7
   826 | D:2      | Learned a level 3 spell: Spider Form
  1045 | D:2      | Reached skill level 3 in Transmutations
  1045 | D:2      | Reached skill level 1 in Poison Magic
  1045 | D:2      | Reached XP level 4. HP: 12/19 MP: 5/8
  2152 | D:3      | Found a sacrificial altar of Ru.
  2610 | D:3      | Reached XP level 5. HP: 22/22 MP: 5/9
  2785 | D:3      | Found a white marble altar of Elyvilon.
  3224 | D:4      | Reached skill level 4 in Transmutations
  3432 | D:4      | Noticed an ice beast
  3483 | D:4      | Killed an ice beast
  3484 | D:4      | Gained mutation: You are covered in thick fur. (AC +2)
                  | [Felid growth]
  3484 | D:4      | Reached XP level 6. HP: 23/25 MP: 8/10
  3624 | D:4      | Reached skill level 5 in Transmutations
  4220 | D:4      | Found a stormy altar of Qazlal.
  4255 | D:4      | HP: 1/25 [orc/+0 hand axe (6)]
  4533 | D:4      | Found a burning altar of Makhleb.
  4825 | D:5      | Entered Level 5 of the Dungeon
  4825 | D:5      | Noticed Prince Ribbit
  4833 | D:4      | Learned a level 4 spell: Ice Form
  4837 | D:5      | Slain by Prince Ribbit
  4838 | D:5      | Reached XP level 5. HP: -3/22 MP: 5/9
  4885 | D:5      | Noticed a black bear
  4894 | D:5      | Reached XP level 6. HP: 10/25 MP: 6/10
  4896 | D:5      | Slain by an iguana

Illustrated notes

Levels and vault maps discovered:
D:1:      saegor_arrival_simple_b, layout_rooms,
          dreamdust_ecumenical_altar_hidden_monk_grotto, minmay_liquid_box,
          minmay_3d_cube
D:2:      mumra_celtic_spiral_tile, layout_basic
D:3:      layout_rooms, nicolae_ru_awakened_eye, nicolae_elyvilon_temple_path,
          serial_co_window_serial, co_window_paths_a, co_window_corner_a,
          co_window_paths_a, co_window_corner_a, co_window_corner_a,
          co_window_broadway_b, co_window_corner_ca, co_window_2corner,
          co_window_corner_cb, co_window_of_opportunity_c, glass_columns_a,
          glass_columns_a, glass_columns_b, glass_columns_c, grunt_ministairs_3
D:4:      layout_basic, mainiacjoe_overflow_catwalk, general_overflow_altar,
          abandoned_shop
D:5:      layout_cave_pools, temple_doors_e, uniq_prince_ribbit1

Skill      XL: |  1  2  3  4  5  6 |
---------------+-------------------+-----
Dodging        | 3 |  3.3
Transmutations | 3 4 5 |  5.8
Poison Magic   | 1 2 3 |  3.1
Fighting       | |  1.0
Stealth        | |  0.6
Unarmed Combat | |  3.9
Spellcasting   | |  2.5
Ice Magic      | |  0.6

Action                   |  1- 3 |  4- 6 || total
-------------------------+-------+-------++-------
Melee: Unarmed           |    81 |   214 ||   295
       Bite              |     9 |    13 ||    22
       Headbutt          |     2 |    14 ||    16
       Punch             |     2 |     5 ||     7
 Cast: Beastly Appendage |     7 |     9 ||    16
       Wereblood         |     4 |    14 ||    18
       Spider Form       |       |     4 ||     4
  Use: Potion            |       |     6 ||     6
 Stab: Sleeping          |     3 |       ||     3
       Distracted        |       |     1 ||     1
Armor: Skin              |     5 |    13 ||    18
Dodge: Dodged            |    59 |   239 ||   298
